 Dungeon Crawl Stone Soup version 0.17.0-23-g0de4337 (console) character file.

79 nht the Cudgeler (level 4, -23/45 HPs)
             Began as an Ogre Enchanter on Nov 14, 2015.
             Was a Believer of Cheibriados.
             Killed from afar by an orc (29 damage)
             ... with an exploding inner flame
             ... hexed by the player character
             ... on level 3 of the Dungeon.
             The game lasted 00:04:03 (1555 turns).

nht the Cudgeler (Ogre Enchanter)                   Turns: 1555, Time: 00:04:03

Health: -23/45     AC:  4    Str: 18    XL:     4   Next: 37%
Magic:  7/7        EV: 10    Int: 18    God:    Cheibriados [**....]
Gold:   159        SH:  0    Dex: 14    Spells: 1 memorised, 6 levels left

rFire  . . .     SeeInvis +     a - +2 dagger
rCold  . . .     Clarity  .     b - +1 robe
rNeg   . . .     SustAt   .     (no shield)
rPois  .         Gourm    .     (helmet restricted)
rElec  .         Spirit   .     (no cloak)
rCorr  .         Warding  .     (gloves unavailable)
rMut   .         Stasis   .     (boots unavailable)
MR     .....                    (no amulet)
Stlth  ++........               (no ring)
                                n - ring of see invisible

@: very slow, not resistant to hostile enchantments, unstealthy
A: unfitting armour, tough skin 1
a: Bend Time, Renounce Religion


You were on level 3 of the Dungeon.
You worshipped Cheibriados.
Cheibriados was pleased with you.
You were not hungry.

You visited 1 branch of the dungeon, and saw 3 of its levels.

You collected 159 gold pieces.

Inventory:

Hand Weapons
 a - a +2 dagger (weapon)
 h - a +0 club
Armour
 b - a +1 robe (worn)
Jewellery
 n - a ring of see invisible (left hand)
Scrolls
 g - 3 scrolls of identify
Potions
 e - a potion of mutation {unknown}
Books
 c - a book of Maledictions

   Spells                             Type                      Level
   a - Corona                         Hexes                        1
   b - Ensorcelled Hibernation        Hexes/Ice                    2
   c - Confuse                        Hexes                        3
   d - Tukima's Dance                 Hexes                        3
   e - Dazzling Spray                 Conjuration/Hexes            3
Comestibles
 d - 4 bread rations
 k - 7 fruits
 l - a chunk of flesh


   Skills:
 - Level 3.4 Fighting
 - Level 0.5 Short Blades
 + Level 3.5 Maces & Flails
 - Level 1.7 Dodging
 - Level 2.4 Stealth
 - Level 2.4 Spellcasting
 - Level 2.1 Hexes


You had 6 spell levels left.
You knew the following spells:

 Your Spells              Type           Power        Failure   Level  Hunger
a - Corona                Hex            ##.....      10%         1    #......


Dungeon Overview and Level Annotations

Branches:
Dungeon (3/15)

Altars:
Cheibriados
Nemelex Xobeh


Innate Abilities, Weirdness & Mutations

You are too large for most types of armour.
You have tough skin (AC +1).


Message History

* * * LOW HITPOINT WARNING * * *
You hit the orc.
The orc is moderately wounded.
The orc priest hits you but does no damage.
The orc barely misses you. The orc closely misses you.
The orc closely misses you. The orc barely misses you.
The orc hits you with a hand axe.
* * * LOW HITPOINT WARNING * * *
You hit the orc.
The orc is severely wounded.
The orc priest hits you with a hand axe.
* * * LOW HITPOINT WARNING * * *
The orc closely misses you. The orc hits you but does no damage.
The orc hits you but does no damage. The orc closely misses you.
You hit the orc.
The orc explodes!
The fiery explosion engulfs the orc.
The orc explodes!
The fiery explosion engulfs you!
Ouch! That really hurt!
You die... █........█ ███ ██....oo█ █......█.██ █.. .....oo.█ █......█..█ █.█████ █████+██$

....)..██.██ █.█...█ █.
..........██..███.█<█.███████ █.
...........................>█+██.
███████████.o.............█......
█..o.........██.█......
███████████.....o§........█......
█........██....o§o...█.████......
████████.██....§@o............)..
█ █.██████o█.████.█████..... █
█.█ █...█ █.█ █...... █


██████)██ ██..█ █.█ █.█████ █ █.......█ █..████.█ █.█ █ █.......███████.██...█
█.█ █ █.......'........█.█.█ █.█ █ █...)...████████.█.█.█ █.█ █
██████.............█.█ █.█ ████████.██████████.██.█ █.█ █........████████ █..█.█
█.█ You could see an orc priest (inner flame), an orc wizard (inner flame) and 5
orcs.

Vanquished Creatures
  An adder (D:3)
  2 oozes
  A worm (D:2)
  2 orcs (D:3)
  A ball python (D:1)
  2 giant cockroaches (D:2)
  6 hobgoblins
  2 jackals (D:1)
  6 bats
  A giant gecko (D:2)
  A giant newt (D:1)
  11 goblins
  9 kobolds
  A quokka (D:2)
  7 rats
53 creatures vanquished.

Vanquished Creatures (others)
  An orc wizard (D:3)
  3 orcs (D:3)
4 creatures vanquished.

Grand Total: 57 creatures vanquished

Notes
Turn   | Place    | Note
--------------------------------------------------------------
     0 | D:1      | nht the Ogre Enchanter began the quest for the Orb.
     0 | D:1      | Reached XP level 1. HP: 16/16 MP: 3/3
    62 | D:1      | Reached skill level 1 in Fighting
   140 | D:1      | Reached XP level 2. HP: 19/28 MP: 5/5
   250 | D:1      | Reached skill level 3 in Fighting
   307 | D:1      | Reached XP level 3. HP: 31/37 MP: 6/6
   626 | D:2      | Found a faded altar to an unknown god.
   646 | D:2      | Became a worshipper of Cheibriados the Contemplative
   646 | D:2      | Reached * piety under Cheibriados
   646 | D:2      | yuck
   649 | D:2      | Reached skill level 1 in Maces & Flails
  1185 | D:3      | Found a sparkling altar of Nemelex Xobeh.
  1275 | D:3      | Reached ** piety under Cheibriados
  1378 | D:3      | Reached XP level 4. HP: 17/45 MP: 7/7
  1555 | D:3      | Killed from afar by an orc

Action                   |  1- 3 |  4- 6 || total
-------------------------+-------+-------++-------
Melee: Dagger            |   247 |    27 ||   274
  Use: Potion            |     4 |       ||     4
       Scroll            |       |     6 ||     6
 Stab: Sleeping          |     3 |     1 ||     4
       Invisible         |     1 |       ||     1
  Eat: Chunk             |       |     1 ||     1
